Map: Newkirk Precinct TE (Void)

Players

SouLeer

  • Race: Zerg Zerg
  • League: Master
  • Spawn Location: 7:00

Railgan - Winner!

  • Race: Zerg Zerg
  • League: Grandmaster
  • Spawn Location: 5:00

VOD

Have the link to the VOD?

Description

Time

  • Played on: March 15, 2017, 6:15 p.m.
  • Length: 13:46
Show
View Real Time Build Order
Export as new Build Order

SouLeer Zerg 

Build Orders: Pool First 

Get SALT Encoding   

  12  0:18  Spawning Pool  
  11  0:23  Drone  
  13  0:28  Drone  
  13  0:33  Drone  
  14  0:41  Overlord  
  14  1:05  Queen  
  14  1:06  Zergling x4  
  14  1:07  Zergling x2  
  19  1:18  Zergling x2  
  20  1:29  Zergling x2  
  21  1:38  Hatchery  
  20  1:48  Queen  
  22  1:55  Overlord  
  22  2:14  Drone x2  
  22  2:15  Drone x2  
  26  2:20  Drone  
  27  2:29  Drone  
  23  2:37  Queen  
  25  2:45  Zergling x2  
  26  2:52  Spine Crawler x2  
  26  2:53  Zergling x2  
  26  2:56  Zergling x2  
  26  3:05  Queen  
  26  3:10  Zergling x2  
  30  3:12  Drone  
  30  3:16  Drone  
  31  3:22  Drone  
  31  3:23  Drone  
  31  3:26  Drone  
  34  3:32  Overlord  
  34  3:36  Drone  
  35  3:42  Drone  
  35  3:48  Extractor  
  35  3:49  Extractor, Drone x2  
  35  3:50  Drone  
  37  3:58  Drone x3  
  37  4:01  Drone  
  41  4:12  Roach Warren, Drone  
  41  4:16  Drone  
  42  4:18  Drone  
  42  4:20  Drone  
  44  4:27  Extractor  
  43  4:31  Overlord  
  43  4:32  Overlord  
  43  4:44  Evolution Chamber  
  39  4:49  Drone x3  
  39  4:50  Drone  
  40  4:59  Drone  
  42  5:00  Drone  
  42  5:09  Roach x4  
  42  5:14  Roach  
  52  5:17  Roach  
  52  5:20  Roach  
  56  5:24  Overlord  
  56  5:30  Roach  
  56  5:31  Metabolic Boost  
  58  5:37  Overlord  
  58  5:42  Overlord  
  58  5:45  Roach  
  60  5:50  Roach  
  60  5:53  Zergling x4  
  60  5:54  Zergling x2  
  60  5:57  Zergling x2  
  66  6:01  Ravager x4  
  66  6:02  Ravager  
  66  6:04  Zergling x2  
  72  6:07  Ravager  
  72  6:08  Zergling x2  
  74  6:12  Zergling x4  
  74  6:15  Zergling x4  
  78  6:19  Zergling x2  
  78  6:23  Zergling x4  
  81  6:26  Overlord  
  81  6:38  Zergling x10  
  69  6:43  Zergling x2  
  69  6:46  Zergling x4  
  69  6:47  Zergling x2  
  63  6:52  Roach  
  60  6:55  Roach  
  60  7:00  Roach x2  
  65  7:04  Roach  
  67  7:12  Roach x2  
  71  7:16  Roach  
  71  7:19  Baneling Nest  
  74  7:23  Roach  
  74  7:28  Roach x2  
  78  7:33  Roach  
  74  7:38  Roach  
  74  7:39  Roach  
  74  7:44  Roach  
  79  7:46  Overlord  
  79  7:50  Roach  
  81  7:55  Roach  
  83  8:04  Baneling x3  
  83  8:05  Baneling x7  
  83  8:12  Baneling x3  
  83  8:13  Baneling x3  
  83  8:18  Zergling x4  
  80  8:22  Zergling x4  
  75  8:28  Zergling x6  
  75  8:33  Ravager  
  79  8:34  Ravager  
  79  8:35  Zergling x4  
  81  8:42  Zergling x6  
  81  8:47  Zergling x4  
  86  8:51  Ravager x3  
  86  8:52  Zergling x2  
  86  8:55  Zergling x2  
  83  8:58  Zergling x2  
  83  9:01  Zergling x4  
  86  9:03  Ravager  
  86  9:04  Ravager  
  86  9:05  Zergling x2  
  89  9:11  Ravager  
  89  9:14  Zergling x4  
  89  9:15  Zergling x2  
  92  9:27  Zergling x8  
  92  9:29  Baneling  
  92  9:30  Baneling x2  
  92  9:32  Roach  
  89  9:39  Roach x2  
  89  9:42  Zergling x4  
  82  9:47  Zergling x4  
  82  9:49  Zergling x2  
  73  9:54  Zergling x2  
  73  9:56  Zergling x2  
  64  10:12  Roach  
  66  10:15  Hatchery  
  66  10:20  Roach x2  
  69  10:26  Roach x2  
  73  10:31  Roach  
  74  10:39  Roach x3  
  80  10:44  Roach  
  80  10:48  Roach  
  81  11:00  Roach x2  
  81  11:01  Roach x2  
  89  11:07  Roach  
  89  11:11  Roach  
  90  11:19  Roach x2  
  90  11:20  Roach  
  95  11:28  Zergling x6  
  94  11:33  Zergling x4  
  96  11:43  Ravager x5  
  96  11:44  Ravager x3  
  96  11:46  Zergling x2  
  105  11:52  Overlord  
  103  12:07  Overlord  
  103  12:13  Zergling x10  
  103  12:15  Ravager  
  106  12:22  Overlord  
  101  12:30  Zergling x10  
  101  12:35  Zergling x4  
  104  12:38  Zergling x2  
  104  12:41  Ravager  
  104  12:43  Zergling x2  
  104  12:44  Zergling x2  
  108  12:46  Ravager x2  
  108  12:48  Zergling x2  
  109  12:54  Zergling x4  
  109  12:56  Zergling x2  
  108  13:00  Zergling x4  
  108  13:03  Zergling x2  
  107  13:11  Roach x2  
  108  13:17  Roach x2  
  102  13:24  Zergling x6  
Show
View Real Time Build Order
Export as new Build Order

Railgan Zerg - Winner!

Build Orders: Hatch First 

Get SALT Encoding   

  12  0:01  Drone  
  13  0:15  Overlord  
  13  0:18  Drone  
  14  0:33  Drone x2  
  16  0:39  Drone  
  18  0:50  Drone  
  18  1:00  Hatchery  
  18  1:01  Drone  
  18  1:04  Extractor  
  17  1:17  Spawning Pool  
  16  1:20  Drone  
  16  1:23  Drone  
  18  1:30  Drone  
  19  1:43  Overlord  
  19  2:03  Queen  
  19  2:04  Zergling x4  
  23  2:13  Zergling x2  
  23  2:14  Zergling x2  
  27  2:24  Zergling x2  
  25  2:38  Zergling x4  
  27  2:50  Hatchery  
  26  2:51  Drone  
  26  2:58  Drone  
  28  3:02  Metabolic Boost  
  28  3:12  Overlord  
  27  3:15  Drone  
  28  3:23  Drone  
  28  3:25  Baneling Nest  
  29  3:27  Drone  
  29  3:37  Drone  
  30  3:51  Hatchery  
  30  3:54  Zergling x2  
  30  4:00  Drone  
  30  4:02  Zergling x2  
  32  4:03  Zergling x2  
  32  4:09  Baneling  
  33  4:10  Baneling x3  
  33  4:11  Baneling  
  33  4:12  Baneling  
  33  4:16  Drone  
  34  4:19  Drone  
  35  4:29  Drone  
  35  4:30  Queen  
  38  4:34  Baneling  
  35  4:52  Drone x6  
  35  4:55  Drone  
  35  4:56  Drone x2  
  35  4:57  Drone  
  39  5:01  Evolution Chamber  
  39  5:04  Drone  
  39  5:09  Drone  
  39  5:11  Drone  
  39  5:12  Zergling x2  
  42  5:16  Overlord  
  42  5:22  Overlord  
  42  5:28  Evolution Chamber, Zerg Melee Weapons Level 1  
  41  5:30  Overlord  
  41  5:35  Queen  
  43  5:36  Drone  
  43  5:37  Drone  
  43  5:39  Drone  
  43  5:42  Drone x2  
  48  5:45  Overlord  
  48  5:48  Zergling x2  
  48  5:49  Zergling x2  
  50  5:51  Zergling x2  
  50  5:53  Zergling x2  
  50  5:54  Zergling x2  
  50  5:56  Zergling x4  
  54  5:58  Zergling x2  
  54  6:00  Zergling x2  
  54  6:02  Zergling x2  
  54  6:03  Zergling x2  
  58  6:05  Zergling x2  
  58  6:06  Zergling x2  
  58  6:09  Zergling x2  
  58  6:10  Zergling x4  
  63  6:13  Zergling x4  
  63  6:17  Zergling x2  
  66  6:21  Zergling x2  
  66  6:22  Overlord  
  67  6:26  Zergling x2  
  67  6:27  Zergling x6  
  71  6:37  Zergling x2  
  64  6:41  Zergling x2  
  64  6:42  Zergling x2  
  61  6:48  Zergling x4  
  61  6:49  Zergling x2  
  61  6:51  Zerg Ground Armor Level 1  
  61  6:53  Drone  
  63  6:54  Lair, Drone x2  
  63  6:55  Zergling x2  
  63  6:57  Zergling x2  
  63  6:58  Zergling x4  
  63  6:59  Baneling x2  
  63  7:00  Zergling x2  
  68  7:02  Baneling  
  68  7:05  Baneling, Zergling x2  
  68  7:08  Zergling x2  
  70  7:12  Zergling x2  
  70  7:13  Zergling x2  
  72  7:18  Zergling x2  
  73  7:25  Overlord  
  73  7:29  Hatchery  
  72  7:30  Overlord x2  
  72  7:35  Zergling x2  
  73  7:41  Overlord  
  73  7:42  Overlord  
  72  7:44  Zergling x2  
  72  7:45  Zergling x10  
  78  7:52  Baneling x5  
  78  7:53  Drone x4  
  78  7:54  Drone  
  78  7:55  Zergling x4  
  78  7:56  Zergling x4  
  87  7:59  Extractor x2  
  87  8:01  Zergling x4  
  87  8:02  Zergling x2  
  87  8:03  Zergling x2  
  89  8:09  Zergling x4  
  80  8:24  Zergling x4  
  68  8:27  Zergling x10  
  68  8:28  Roach Warren, Zergling x2  
  68  8:33  Zergling x2  
  74  8:34  Extractor  
  69  8:50  Zergling x14  
  65  8:56  Zergling x8  
  68  9:03  Zergling x6  
  68  9:04  Baneling  
  68  9:05  Baneling x9  
  68  9:08  Roach x3  
  68  9:09  Roach  
  78  9:10  Roach  
  78  9:11  Roach  
  78  9:13  Roach  
  78  9:14  Roach  
  78  9:16  Roach  
  83  9:22  Roach x2  
  86  9:28  Roach x3  
  86  9:29  Zergling x6  
  90  9:44  Roach  
  90  9:45  Roach x5  
  88  9:49  Zergling x2  
  88  9:52  Roach  
  86  9:53  Roach  
  86  9:59  Zergling x6  
  90  10:04  Glial Reconstitution  
  89  10:08  Zergling x2  
  89  10:09  Zergling x2  
  89  10:12  Baneling x2  
  91  10:16  Drone x2  
  91  10:18  Zergling x2  
  91  10:19  Ravager x2  
  96  10:22  Ravager  
  96  10:41  Drone x7  
  103  10:50  Drone  
  103  10:51  Drone  
  103  10:52  Drone  
  103  10:53  Roach x4  
  103  10:55  Zerg Missile Weapons Level 1  
  114  11:03  Overlord  
  114  11:09  Roach  
  110  11:21  Roach x2  
  110  11:22  Overlord  
  110  11:23  Hatchery  
  112  11:26  Roach x2  
  112  11:34  Ravager x6  
  112  11:35  Roach  
  112  11:37  Roach  
  112  11:38  Overlord  
  122  11:42  Roach  
  126  11:54  Roach x3  
  128  12:01  Drone  
  128  12:02  Drone, Overlord  
  128  12:03  Roach x4  
  138  12:13  Roach  
  138  12:14  Overlord, Roach x2  
  138  12:16  Overlord  
  138  12:21  Roach x2  
  138  12:26  Zergling x2  
  138  12:27  Zergling x10  
  144  12:33  Roach  
  141  12:37  Roach  
  141  12:38  Roach x3  
  149  12:46  Roach x5  
  159  12:55  Roach  
  158  13:02  Zergling x10  
  162  13:16  Roach  
  163  13:20  Roach x2  
Tags
 
Add a new tag
Caveats
  • Supply blocks, unpowered buildings, or Contaminate may cause inaccurate times.
  • Supply counts are checked every 10 seconds.